[Event "The Schackveckan 2023: Chessweek Elo-tournaments Group 1"]
[Site "Göteborgs schackcentrum, Vegagatan 20, Gothenburg, Sweden"]
[Date "2023.08.10"]
[Round "6.4"]
[White "Harila, Per"]
[Black "Frisk, Anders"]
[Result "1/2-1/2"]
[TimeControl "90 minutes for 40 moves + 30 minutes for the rest of the game + 30 seconds per move from move one."]
[WhiteFideId "1707248"]
[BlackFideId "1718797"]
[WhiteElo "2016"]
[BlackElo "1808"]

1. d4 f5 2. Nf3 Nf6 3. g3 g6 4.
Bg2 Bg7 5. O-O O-O 6. c3 c6 7. Nbd2 d5 8. Ne5 Nbd7 9. Ndf3 Nxe5 10. Nxe5 Nd7 11. f4 Nxe5 12. fxe5 e6 13. Qb3 b5 14.
a4 Qb6 15. axb5 Rb8 16. Bg5 Re8 17. Kh1 cxb5 18. Qb4 Bf8 19. Qa5 a6 20. Rfc1 Be7 21. Bxe7 Rxe7 22. Qxb6 Rxb6 23. b4 Rc7 24.
Rab1 Rbc6 25. Rb3 Rc4 26. e3 Kg7 27. Bf1 R4c6 28. Kg2 Bd7 29. Kf2 g5 30. Be2 Kg6 31. Ke1 Bc8 32. Kd2 h5 33.
h3 Rf7 34. Rf1 Bd7 35. Rbb1 Bc8 36. Bd3 g4 37. hxg4 hxg4 38. Rh1 Rh7 39. Rxh7 Kxh7 40. Rh1+ Kg7 41. Rh5 Bd7 42. Rg5+ Kf7 43.
Rh5 Kg7 44. Rh1 Bc8 45. Ra1 Rc7 46. Rh1 Kg8 47. Rh4 Rh7 48. Ke2 Kg7 49. Kf2 Bd7 50. Bc2 Rh6 51. Bb1 Rh8 52. Rxh8 1/2-1/2

[Event "The Schackveckan 2023: Chessweek Elo-tournaments Group 1"]
[Site "Göteborgs schackcentrum, Vegagatan 20, Gothenburg, Sweden"]
[Date "2023.08.11"]
[Round "7.1"]
[White "Pettersson, Anders 1981"]
[Black "Harila, Per"]
[Result "1-0"]
[TimeControl "90 minutes for 40 moves + 30 minutes for the rest of the game + 30 seconds per move from move one."]
[WhiteFideId "1715143"]
[BlackFideId "1707248"]
[WhiteElo "2003"]
[BlackElo "2016"]

1. d4 d6 2. Nc3 e6 3. e4 Nd7 4. Be3 b6 5. f4 Bb7 6. Nf3 Ne7 7. Qd2 g6 8. O-O-O Bg7 9. h4 h5 10.
Ng5 Nf6 11. d5 exd5 12. e5 dxe5 13. fxe5 Nh7 14. Bb5+ c6 15. Nce4 Bxe5 16. Nxh7 Rxh7 17. Ng5 Rg7 18. Bd4 Qd6 19.
Bxe5 Qxe5 20. Rde1 Qd6 21. Qd4 Kf8 22. Bd3 c5 23. Qf2 c4 24. Ne6+ Kg8 25. Nxg7 cxd3 26. Rhf1 d2+ 27. Kxd2 Rf8 28.
Ne6 Nf5 29. Nxf8 Qxf8 30. c3 Ba6 31. Rg1 d4 32. g4 dxc3+ 33. bxc3 Qa3 34. gxf5 Qb2+ 35. Ke3 Qxc3+ 36. Kf4 Qc7+ 37.
Kg5 Qd8+ 38. f6 Qd5+ 39. Kh6 Qd8 40. Qe3 Bb5 41. Qe7 1-0

[Event "The Schackveckan 2023: Chessweek Elo-tournaments Group 1"]
[Site "Göteborgs schackcentrum, Vegagatan 20, Gothenburg, Sweden"]
[Date "2023.08.11"]
[Round "7.2"]
[White "Frisk, Anders"]
[Black "Fransson, Lennart"]
[Result "1-0"]
[TimeControl "90 minutes for 40 moves + 30 minutes for the rest of the game + 30 seconds per move from move one."]
[WhiteFideId "1718797"]
[BlackFideId "1706756"]
[WhiteElo "1808"]
[BlackElo "1834"]

1. c4 e5 2. Nc3 Nc6 3. g3 g6 4. Bg2 Bg7 5. e4 d6 6. Nge2 f5 7. d3 Nf6 8. O-O O-O 9. h3 Be6 10.
Nd5 Qd7 11. exf5 Bxf5 12. g4 Be6 13. Nec3 Nd8 14. Bg5 c6 15. Nxf6+ Bxf6 16. Bh6 Re8 17. Ne4 Be7 18. Qd2 Nf7 19.
Bg5 Kg7 20. Bxe7 Qxe7 21. f4 exf4 22.
Rxf4 h6 23. Qc3+ Ne5 24. d4 Bxc4 25. dxe5 dxe5 26. Rf6 Bd5 27. Raf1 Rf8 28. Rxf8 Rxf8 29. Rxf8 Kxf8 30. Qc5 b6 31.
Qxe7+ Kxe7 32. b3 c5 33. Nd2 Ke6 34. Bf1 Bb7 35. Kf2 a6 36. Ke3 Kd6 37. Nc4+ 1-0

[Event "The Schackveckan 2023: Chessweek Elo-tournaments Group 1"]
[Site "Göteborgs schackcentrum, Vegagatan 20, Gothenburg, Sweden"]
[Date "2023.08.11"]
[Round "7.4"]
[White "Tobiasson, Bjorn"]
[Black "Bengtsson, Jonas"]
[Result "0-1"]
[TimeControl "90 minutes for 40 moves + 30 minutes for the rest of the game + 30 seconds per move from move one."]
[WhiteFideId "1773682"]
[BlackFideId "1715135"]
[WhiteElo "1830"]
[BlackElo "2013"]

1. d4 Nf6 2. c4 e6 3. Nf3 Bb4+ 4. Bd2 a5 5. g3 d6 6. Bg2 Nbd7 7. O-O e5 8. Qc2 O-O 9. Bg5 exd4 10.
Nxd4 h6 11. Bf4 Re8 12. Nc3 Nb6 13. Nd5 Nbxd5 14. cxd5 Bd7 15. Rac1 Bc5 16. Nb3 Bb6 17. e4 Ng4 18. h3 a4 19.
Nd2 Nxf2 20. Rxf2 g5 21. Nc4 Bxf2+ 22. Qxf2 gxf4 23. gxf4 Qf6 24. Ne3 c6 25. Ng4 Bxg4 26. hxg4 cxd5 27.
exd5 Rac8 0-1